AoeStats
← Bandolero

MegaRandom

508564040Analyzed
4v4 RM · 9d ago on Sep 23, 2026· 31m 49s· 8 players
Game mode
Random Map
Map size
Large (8 player)
Population
200
Speed
Normal
Resources
Standard
Victory
Conquest
Starting age
Dark Age
Ending age
Imperial Age
RankedLock teamsTeams togetherTeam positionsShared explorationLock speedFull tech treeHidden civsTurbo modeCheats
Victory
Defeat
🇮🇳 Japanese · India
1855
+11
🇺🇸 Franks · United States
1767
+14
🇮🇳 Jurchens · India
1695
+17
🇮🇳 Byzantines · India
1689
+18
🇦🇷 Spanish · Argentina
1828
-20
🇦🇷 Gurjaras · Argentina
1711
-14
🇧🇷 Georgians · Brazil
1709
-14
🇲🇽 Lithuanians · Mexico
1664
-12
[SotC] Frank Castle
6:39 Loom
6:44 Loom
11:28 Feudal Age
16:47 Castle Age
14:50 Fishing Lines
15:25 Double-Bit Axe
17:42 Medium Warships
26:50 Horse Collar
29:55 Wheelbarrow
30:16 Fletching
30:38 Bow Saw
31:45 Bloodlines
Bandolero
11:03 Feudal Age
15:56 Castle Age
16:03 Double-Bit Axe
17:06 Bow Saw
17:40 Horse Collar
18:12 Loom
18:14 Town Watch
20:15 Scale Barding Armor
20:24 Scale Mail Armor
21:58 Forging
24:51 Scale Barding Armor
26:20 Bloodlines
27:01 Wheelbarrow
29:24 Iron Casting
30:21 Stone Mining
30:21 Gold Mining
31:30 Chain Barding Armor
31:20 Husbandry
APZz_
9:21 Feudal Age
10:09 Loom
16:56 Castle Age
15:17 Double-Bit Axe
15:39 Fishing Lines
17:52 Bow Saw
18:09 Horse Collar
25:46 Scale Barding Armor
eL|Hooligan
11:37 Feudal Age
12:00 Loom
15:18 Castle Age
13:27 Loom
14:38 Double-Bit Axe
14:34 Horse Collar
15:03 Fishing Lines
16:27 Bow Saw
16:18 Heavy Plow
17:02 Wheelbarrow
16:43 Heavy Plow
21:09 Gold Mining
22:40 Town Watch
24:40 Hand Cart
31:34 Imperial Age
29:10 Scale Barding Armor
29:17 Forging
29:58 Husbandry
30:09 Bloodlines
30:26 Chain Barding Armor
31:05 Treadmill Crane
32:06 Iron Casting
link_chaos
11:47 Feudal Age
15:36 Castle Age
13:53 Double-Bit Axe
14:04 Horse Collar
15:14 Fletching
15:16 Gold Mining
16:29 Bodkin Arrow
18:53 Padded Archer Armor
20:05 Leather Archer Armor
20:53 Bloodlines
22:33 Wheelbarrow
22:03 Husbandry
24:53 Ballistics
29:19 Loom
Fenrir
9:44 Loom
11:31 Feudal Age
15:12 Castle Age
13:00 Double-Bit Axe
15:28 Loom
16:22 Bow Saw
26:13 Wheelbarrow
25:44 Squires
26:03 Arson
27:34 Gold Mining
30:54 Imperial Age
30:03 Husbandry
30:09 Scale Barding Armor
30:23 Stone Mining
31:08 Gold Shaft Mining
31:19 Chain Barding Armor
31:17 Cavalier
Valar
10:54 Feudal Age
15:02 Castle Age
13:56 Double-Bit Axe
14:29 Horse Collar
19:34 Loom
25:08 Bow Saw
30:35 Wheelbarrow
30:04 Fletching
31:00 Town Watch
noobnoob
11:27 Feudal Age
10:29 Loom
15:18 Castle Age
14:26 Double-Bit Axe
16:09 Medium Warships
18:29 Horse Collar
24:22 Bow Saw
24:55 Gold Mining
26:26 Wheelbarrow
25:33 Fishing Lines
26:19 Gillnets
31:06 Imperial Age
28:41 Fletching
29:03 Heavy Plow
29:12 Scale Mail Armor
30:09 Squires
29:55 Arson
29:55 Gambesons
30:27 Chain Mail Armor
31:00 Forging
31:08 Hand Cart
Connection lost

Rejoining the realm…

Still unreachable

The connection could not be restored.

Session expired

The server has moved on; the page needs a fresh start.